 Dungeon Crawl Stone Soup version 0.21.1-1-g345015f (webtiles) character file.

2552 inc the Jinx (level 9, -1/51 HPs)
             Began as an Octopode Enchanter on Apr 23, 2018.
             Was an Initiate of Gozag.
             Slain by an ice beast (14 damage)
             ... on level 7 of the Dungeon.
             The game lasted 00:11:49 (6530 turns).

inc the Jinx (Octopode Enchanter)                   Turns: 6530, Time: 00:11:50

Health: -1/51      AC:  1    Str:  8    XL:     9   Next: 56%
Magic:  12/18      EV: 13    Int: 23    God:    Gozag
Gold:   306        SH:  0    Dex: 12    Spells: 16/21 levels left

rFire    . . .     SeeInvis .   e - +2 dagger (venom)
rCold    . . .     Gourm    .   (no shield)
rNeg     . . .     Faith    .   (helmet restricted)
rPois    .         Spirit   .   (no amulet)
rElec    .         Reflect  .   f - +3 ring of intelligence
rCorr    .         Harm     .   r - ring of protection from magic
MR       +....                  (no ring)
Stlth    ++++......             (no ring)
HPRegen  0.17/turn              (no ring)
MPRegen  0.16/turn              (no ring)
                                (no ring)
                                (no ring)

@: gold aura
A: almost no armour, stealthy swim, amphibious, 8 rings, constrict 8, camouflage
1, gelatinous body 1
a: Potion Petition, Call Merchant, Bribe Branch, Renounce Religion


You were on level 7 of the Dungeon.
You worshipped Gozag.
Gozag was aware of your devotion.
You were full.

You visited 2 branches of the dungeon, and saw 8 of its levels.
You also visited: Sewer.

You collected 450 gold pieces.
You paid 144 gold pieces to Gozag.

Inventory:

Hand Weapons
 a - a +1 dagger
 e - a +2 dagger of venom (weapon)
Jewellery
 f - a +3 ring of intelligence (left tentacle)
 r - a ring of protection from magic (right tentacle)
Wands
 s - a wand of flame (55)
 w - a wand of scattershot (5)
 x - a wand of disintegration (9)
Scrolls
 h - 6 scrolls of remove curse
 i - 4 scrolls of amnesia
 j - a scroll of fog {unknown}
 l - a scroll of fear
 t - 2 scrolls of identify
 v - a scroll of magic mapping {unknown}
Potions
 d - a potion of magic {unknown}
 g - 9 potions of curing
 k - 2 potions of might {unknown}
 m - a potion of heal wounds
 n - 3 potions of flight
 o - a potion of agility {unknown}
 p - 2 potions of brilliance
Books
 b - a book of Maledictions

   Spells                             Type                      Level
   a - Corona                         Hexes                        1
   b - Ensorcelled Hibernation        Hexes/Ice                    2
   c - Confuse                        Hexes                        3
   d - Tukima's Dance                 Hexes                        3
   e - Dazzling Spray                 Conjuration/Hexes            3
 q - a book of Air

   Spells                             Type                      Level
   a - Shock                          Conjuration/Air              1
   b - Swiftness                      Charms/Air                   2
   c - Static Discharge               Conjuration/Air              3
   d - Airstrike                      Air                          4
   e - Lightning Bolt                 Conjuration/Air              5
Comestibles
 c - 11 rations


   Skills:
 - Level 1.0 Short Blades
 - Level 2.0 Dodging
 - Level 5.7 Stealth
 + Level 6.5 Spellcasting
 - Level 9.3 Hexes
 - Level 5.1 Ice Magic


You had 16 spell levels left.
You knew the following spells:

 Your Spells              Type           Power        Failure   Level  Hunger
b - Ensorcelled Hibernat  Hex/Ice        #####.       1%          2    None
c - Confuse               Hex            ######..     1%          3    None


Dungeon Overview and Level Annotations

Branches:
Dungeon (7/15)             Temple (1/1) D:7

Altars:
Cheibriados
Dithmenos
Elyvilon
Fedhas
Gozag
Hepliaklqana
Kikubaaqudgha
Makhleb
Nemelex Xobeh
Okawaru
Qazlal
Ru
Sif Muna
Uskayaw
Vehumet
Wu Jian
Xom
Yredelemnul
Zin
The Shining One

Shops:
D:7 =


Innate Abilities, Weirdness & Mutations

You cannot wear most types of armour.
You are very stealthy in the water. (Stealth+)
You are amphibious.
You can wear up to eight rings at the same time.
You can use your tentacles to constrict eight enemies at once.
Your skin changes colour to match your surroundings (Stealth+).
Your rubbery body absorbs attacks. (AC +1, EV +1)


Message History

Casting: Ensorcelled Hibernation
Confirm with . or Enter, or press ? or * to list all spells.
Aiming: Ensorcelled Hibernation
Press: ? - help, Shift-Dir - straight line, f/p - orc
Aim: an orc, wielding a hand axe (chance to defeat MR: 81%)
The orc looks drowsy...
The helpless orc fails to defend itself.
You impale the orc!!
You kill the orc!
You hit the ice beast.
The ice beast is heavily wounded.
The ice beast hits you. The ice beast freezes you!
* * * LOW HITPOINT WARNING * * *
You hit the ice beast.
The ice beast is severely wounded.
The ice beast hits you.
* * * LOW HITPOINT WARNING * * *
The ice beast freezes you!
You die...
Your body crumbles into a pile of gold.

######### ........#
........# ###
........+ ....
........# .oo..
........###.....o
#>...(..Yo'....o.
##########@###....oo
#........#$# .....
#........#.# .o..
#........#.# ...
#........#.# ..
#....(...#.# .
#........#.#
#........'.#
o.......#
#........###
o.......#


You could see an ice beast (confused) and 3 orcs.

Vanquished Creatures
  A two-headed ogre (D:4)
  The ghost of microfolk the Firebug, a novice DEFE of Kikubaaqudgha (D:5)
  A sky beast (D:6)
  A phantom (D:5)
  A centaur (D:6)
  2 ogres
  4 big kobolds (Sewer)
  2 bullfrogs (D:7)
  3 scorpions
  2 wights (D:6)
  A howler monkey (D:4)
  3 crimson imps
  A hound (D:5)
  2 orc wizards
  2 worker ants
  2 hound skeletons (D:4)
  A hound zombie (D:5)
  A worker ant zombie (D:5)
  4 gnolls (D:3)
  2 howler monkey skeletons
  9 adders
  A river rat (D:3)
  A shadow imp (D:7)
  2 worms (D:3)
  An adder skeleton (D:4)
  An adder zombie (D:5)
  5 dart slugs
  2 leopard geckos
  23 orcs
  4 ball pythons (Sewer)
  7 bats
  6 giant cockroaches
  8 goblins
  11 hobgoblins
  11 jackals
  2 quokkas
  5 frilled lizards
  12 kobolds
  A quokka skeleton (D:7)
  A quokka zombie (D:7)
  13 rats
163 creatures vanquished.

Notes
Turn   | Place    | Note
-------+----------+-------------------------------------------
     0 | D:1      | inc the Octopode Enchanter began the quest for the Orb.
     0 | D:1      | Reached XP level 1. HP: 11/11 MP: 3/3
   142 | D:1      | Reached XP level 2. HP: 17/17 MP: 5/5
   158 | D:1      | Reached skill level 5 in Stealth
   162 | D:1      | Learned a level 2 spell: Ensorcelled Hibernation
   328 | D:1      | Reached XP level 3. HP: 16/21 MP: 6/6
   597 | D:2      | Reached skill level 1 in Ice Magic
   652 | D:2      | Learned a level 3 spell: Confuse
   895 | D:2      | Found a shimmering altar of Xom.
   897 | D:2      | Found a hide-covered altar of Uskayaw.
   897 | D:2      | Found a deep blue altar of Sif Muna.
   899 | D:2      | Found a shimmering altar of Xom.
   899 | D:2      | Found a sacrificial altar of Ru.
   899 | D:2      | Found a shadowy altar of Dithmenos.
   972 | D:2      | Reached XP level 4. HP: 27/27 MP: 7/7
  1417 | D:3      | Found a glowing drain.
  1505 | Sewer    | Entered a sewer
  1557 | Sewer    | Noticed a big kobold
  1562 | Sewer    | Reached XP level 5. HP: 31/31 MP: 5/8
  1570 | Sewer    | Killed a big kobold
  1802 | Sewer    | Noticed a big kobold
  1803 | Sewer    | Noticed a big kobold
  1810 | Sewer    | Killed a big kobold
  1810 | Sewer    | Reached skill level 5 in Ice Magic
  1810 | Sewer    | Reached XP level 6. HP: 33/36 MP: 4/9
  1994 | Sewer    | Reached skill level 4 in Hexes
  2173 | D:3      | Reached XP level 7. HP: 30/41 MP: 5/10
  2415 | D:3      | Found a glowing golden altar of the Shining One.
  2577 | D:3      | Reached skill level 5 in Hexes
  3087 | D:5      | Entered Level 5 of the Dungeon
  3116 | D:4      | Noticed a two-headed ogre
  3140 | D:4      | Killed a two-headed ogre
  3140 | D:4      | Reached skill level 8 in Hexes
  3140 | D:4      | Reached XP level 8. HP: 35/46 MP: 5/11
  3456 | D:4      | Found a sparkling altar of Nemelex Xobeh.
  3670 | D:4      | Reached skill level 9 in Hexes
  3941 | D:5      | Noticed microfolk's ghost (novice DEFE)
  4066 | D:5      | Found an iron altar of Okawaru.
  4125 | D:5      | Killed microfolk's ghost
  4125 | D:5      | Reached XP level 9. HP: 40/51 MP: 2/14
  4242 | D:5      | Found a white marble altar of Elyvilon.
  4862 | D:6      | Reached skill level 5 in Spellcasting
  5370 | D:6      | Found a stormy altar of Qazlal.
  6034 | D:7      | Found Uryzxoh's Jewellery Shop.
  6113 | D:7      | Found a shadowy altar of Dithmenos.
  6113 | D:7      | Found a hide-covered altar of Uskayaw.
  6114 | D:7      | Found a hazy altar of Hepliaklqana.
  6161 | D:7      | Found a staircase to the Ecumenical Temple.
  6170 | Temple   | Entered the Ecumenical Temple
  6286 | Temple   | Became a worshipper of Gozag Ym Sagoz the Greedy
  6530 | D:7      | Slain by an ice beast

Skill      XL: |  1  2  3  4  5  6  7  8  9 |
---------------+----------------------------+-----
Stealth        | 5 |  5.7
Ice Magic      | 2 3 5 |  5.1
Hexes          | 4 8 9 |  9.3
Spellcasting   | 3 6 |  6.5
Short Blades   | |  1.0
Dodging        | |  2.0

Action                   |  1- 3 |  4- 6 |  7- 9 || total
-------------------------+-------+-------+-------++-------
Melee: Dagger            |    53 |    78 |   228 ||   359
       Constrict         |     9 |    19 |    45 ||    73
       Tentacles         |     3 |     9 |    38 ||    50
 Cast: Ensorcelled Hiber |       |    17 |    39 ||    56
       Confuse           |       |       |    15 ||    15
  Use: Scroll            |       |     5 |     6 ||    11
       Potion            |       |       |     1 ||     1
 Stab: Sleeping          |    17 |    17 |    46 ||    80
       Confused          |       |       |     5 ||     5
  Eat: Chunk             |       |     3 |    10 ||    13
       Ration            |       |       |     4 ||     4
Armor: Skin              |     2 |     4 |    11 ||    17
Dodge: Dodged            |    19 |    32 |   118 ||   169
